 Dungeon Crawl Stone Soup version 0.30-a0-5-g3a90980b9d (webtiles) character file.

Game seed: 8827571634784575697

3907 PentaManta the Nimble (level 10, -6/67 HPs)
             Began as a Merfolk Gladiator on Aug 22, 2022.
             Was an Initiate of Sif Muna.
             Mangled by an orc warlord
             ... wielding a +8 battleaxe
              (29 damage)
             ... in a bailey.
             The game lasted 00:20:43 (8104 turns).

PentaManta the Nimble (Merfolk Gladiator)           Turns: 8104, Time: 00:20:44

Health: -6/67      AC:  9    Str: 16    XL:     10   Next: 20%
Magic:  0/10       EV: 18    Int: 11    God:    Sif Muna [......]
Gold:   328        SH:  0    Dex: 21    Spells: 9/9 levels left

rFire   . . .      SeeInvis .      - Unarmed
rCold   . . .      Faith    .    (no shield)
rNeg    . . .      Spirit   +    O - +0 scale mail
rPois   .          Reflect  .    b - +0 helmet
rElec   .          Harm     .    o - scarf {repulsion}
rCorr   +          Rampage  .    J - +0 pair of gloves
Will    .....                    x - +0 pair of boots
Stlth   ..........               i - amulet of guardian spirit
HPRegen 0.21/turn                y - ring of resist corrosion
MPRegen 0.12/turn                M - +6 ring of dexterity

@: studying Unarmed Combat, repel missiles
A: (nimble swimmer 2), mertail
a: Renounce Religion


You were in a bailey.
You worshipped Sif Muna.
Sif Muna was noncommittal.
You visited 2 branches of the dungeon, and saw 9 of its levels.
You also visited: Sewer and Bailey.

You collected 374 gold pieces.
You spent 46 gold pieces at shops.

Inventory:

Hand Weapons
 w - a +1 sling
 C - the +3 long sword of the Shining Light {flame, Drain Will+ MP+9 Int+6}
   (You found it on level 5 of the Dungeon)

   It burns those it strikes, dealing additional fire damage.
   Big, fiery blades are also staple armaments of hydra-hunters.
   Int:       It affects your intelligence (+6).
   MP:        It affects your magic capacity (+9).
   Drain:     It drains your maximum health when unequipped.
   Will:      It increases your willpower.
Missiles
 c - 2 throwing nets
 k - 52 stones
 u - 8 poisoned darts (quivered)
 A - 19 boomerangs
Armour
 a - a +0 leather armour
 b - a +0 helmet (worn)
 o - a scarf of repulsion (worn)
 s - a +0 ring mail
 x - a +0 pair of boots (worn)
 J - a +0 pair of gloves (worn)
 O - a +0 scale mail (worn)
Jewellery
 i - an amulet of guardian spirit (around neck)
 y - a ring of resist corrosion (left hand)
 M - a +6 ring of dexterity (right hand)
Wands
 E - a wand of acid (4)
Scrolls
 f - 3 scrolls of teleportation
 r - a scroll of amnesia {unknown}
 B - a scroll of immolation
 F - 3 scrolls of fear {unknown}
 K - a scroll of summoning {unknown}
 L - 2 scrolls of enchant weapon
 N - a scroll of enchant armour {unknown}
Potions
 e - a potion of berserk rage
 g - 2 potions of brilliance
 h - 3 potions of might
 j - 2 potions of heal wounds
 l - 2 potions of flight
 m - 3 potions of mutation
 n - 5 potions of curing
 p - a potion of ambrosia
 q - a potion of cancellation {unknown}
 v - 2 potions of lignification
 z - a potion of attraction {unknown}
 G - 11 potions of degeneration
 H - a potion of haste
 I - a potion of magic {unknown}


   Skills:
 - Level 2.1 Fighting
 + Level 6.4 Throwing
 + Level 14.1 Dodging
 - Level 11.0 Unarmed Combat


You had 9 spell levels left.
You didn't know any spells.
Your spell library contained the following spells:

 Spells                   Type           Power      Damage    Failure   Level
 Magic Dart               Conj           0%         1d3       80%         1
 Call Imp                 Summ           0%         N/A       90%         2
 Scorch                   Fire           0%         2d5       90%         2
 Searing Ray              Conj           0%         2d4       90%         2
 Mephitic Cloud           Conj/Pois/Air  0%         N/A       99%         3
 Flame Wave               Conj/Fire      0%         2d4       100%        4
 Fulminant Prism          Conj/Hex       0%         3d6       100%        4
 Summon Cactus Giant      Summ           0%         N/A       100%        6


Dungeon Overview and Level Annotations

Branches:
Dungeon (8/15)             Temple (1/1) D:6           Sewer (visited)
 Bailey (1/1)
   Lair: D:8-11

Altars:
Ashenzari
Cheibriados
Dithmenos
Elyvilon
Fedhas
Gozag
Hepliaklqana
Makhleb
Nemelex Xobeh
Okawaru
Ru
Sif Muna
Trog
Uskayaw
Vehumet
Wu Jian
Zin
The Shining One

Shops:
D:5 *

Annotations:
D:4 1 runed translucent door, Ijustatesigmund's ghost, amateur HOFE; Pikel
D:6 3 runed translucent doors, Dwachs's ghost, novice DrCj; Stonecrops's ghost, novice DsGl; ksawer's ghost, novice MiFi


Innate Abilities, Weirdness & Mutations

((You are very nimble when in or above water. (Stealth+, EV+, Speed+++)))
Your lower body shifts to a powerful aquatic tail in water.


Message History

You kill the gnoll!
Sif Muna accepts your kill.
Throw: 19 boomerangs
Press: ? - help, Q - select action, (/) - cycle Shift-Dir - straight line, f/p - orc warlord
Aim: an orc warlord, wielding a +8 battleaxe and wearing a +0 crystal plate armour (almost dead, very poisoned, covered in acid, 76% to hit)
You throw a boomerang.
The boomerang hits the orc warlord but does no damage.
The orc warlord is almost dead.
Throw: 11 darts (poison)
Press: ? - help, Q - select action, (/) - cycle Shift-Dir - straight line, f/p - orc warlord
Aim: an orc warlord, wielding a +8 battleaxe and wearing a +0 crystal plate armour (almost dead, very poisoned, covered in acid, 76% to hit)
You throw a poisoned dart. The poisoned dart hits the orc warlord!
The orc warlord looks as sick as possible!
The orc warlord is almost dead.
The orc warlord is no longer covered in acid.
The goblin shouts!
Throw: 10 darts (poison)
Press: ? - help, Q - select action, (/) - cycle Shift-Dir - straight line, f/p - orc warlord
Aim: an orc warlord, wielding a +8 battleaxe and wearing a +0 crystal plate armour (almost dead, very poisoned, 76% to hit)
You throw a poisoned dart.
The poisoned dart barely misses the orc warlord.
Throw: 9 darts (poison)
Press: ? - help, Q - select action, (/) - cycle Shift-Dir - straight line, f/p - orc warlord
Aim: an orc warlord, wielding a +8 battleaxe and wearing a +0 crystal plate armour (almost dead, very poisoned, 76% to hit)
You throw a poisoned dart. The poisoned dart hits the orc warlord.
The orc warlord looks even sicker.
The orc warlord is almost dead.
You closely miss the orc warlord.
The orc warlord is almost dead.
You hit the orc warlord but do no damage.
The orc warlord is almost dead.
The orc warlord barely misses you.
You barely miss the orc warlord.
You punch the orc warlord, but do no damage.
The orc warlord is almost dead.
The orc warlord misses you.
You hit the orc warlord but do no damage.
The orc warlord is almost dead.
The orc warlord hits you with a +8 battleaxe!!
You die...

##### ##### ##...##
##...## #.....##
##.....##
.......#######..@o(.(##
.8..8...........8..8..##
..(........)...........#
..(..........g.........#
.8......#'''#(.....8...#
.....####~~~####......##
.....#~~~~~~~~~#.....##♣
#....#~.8...8.~#.†..##.♣
###'###.......###)###..♣♣


You could see an orc warlord (very poisoned) and a goblin.

Vanquished Creatures
  5 yaks
  Menkaure (D:5)
  A water moccasin (D:7)
  2 ice beasts
  3 orc warriors (Bailey)
  A black bear (D:3)
  4 ogres
  2 sky beasts
  2 centaurs (D:6)
  3 kobold brigands
  A phantom (D:3)
  5 bullfrogs
  3 scorpions
  A necrophage (D:6)
  4 wights (D:7)
  2 jellies
  An orc priest (D:7)
  3 hounds
  6 iguanas
  2 orc wizards
  6 gnolls
  7 adders
  A shadow imp (D:5)
  3 white imps (D:6)
  2 ufetubi
  3 worms
  3 dart slugs
  14 orcs
  9 ball pythons
  7 bats
  2 endoplasms
  20 giant cockroaches
  5 goblins
  4 hobgoblins
  9 jackals (D:1)
  10 quokkas
  10 frilled lizards
  26 kobolds
  4 rats
197 creatures vanquished.

Vanquished Creatures (others)
  11 fungi
  4 withered plants (D:6)
15 creatures vanquished.

Grand Total: 212 creatures vanquished

Notes
Turn   | Place    | Note
-------+----------+-------------------------------------------
     0 | D:1      | PentaManta the Merfolk Gladiator began the quest for the
                  | Orb.
     0 | D:1      | Reached XP level 1. HP: 16/16 MP: 1/1
   172 | D:1      | Reached XP level 2. HP: 21/22 MP: 2/2
   621 | D:1      | Reached XP level 3. HP: 26/27 MP: 3/3
  1163 | D:2      | Identified the +3 spear "Agheqyng" {protect, Str+2 Int+4}
  1215 | D:2      | Reached skill level 5 in Unarmed Combat
  1839 | D:3      | Noticed a phantom
  1864 | D:3      | Killed a phantom
  1865 | D:3      | Reached XP level 4. HP: 27/33 MP: 4/4
  1865 | D:3      | Reached XP level 5. HP: 31/38 MP: 5/5
  2661 | D:4      | Noticed an ogre
  2668 | D:4      | Identified a scroll of acquirement
  2669 | D:4      | Acquired a manual of Unarmed Combat
  2686 | D:4      | Found a runed translucent door.
  2687 | D:4      | Noticed Ijustatesigmund's ghost (amateur HOFE)
  2727 | D:4      | Killed an ogre
  2728 | D:4      | Reached XP level 6. HP: 44/44 MP: 6/6
  3178 | D:4      | Noticed Pikel
  3182 | D:4      | Noticed a black bear
  3198 | D:3      | Killed a black bear
  3247 | D:5      | Entered Level 5 of the Dungeon
  3247 | D:5      | Found a radiant altar of Vehumet.
  3297 | D:5      | Reached skill level 10 in Unarmed Combat
  3297 | D:5      | Reached XP level 7. HP: 21/50 MP: 2/7
  3361 | D:5      | Found a glowing drain.
  3373 | Sewer    | Entered a sewer
  3769 | Sewer    | Reached skill level 5 in Dodging
  3906 | D:5      | Noticed Menkaure
  3918 | D:5      | Killed Menkaure
  3919 | D:5      | Reached skill level 6 in Dodging
  3964 | D:5      | Found Fad Ficw's Assorted Antiques.
  4158 | D:5      | Reached XP level 8. HP: 47/56 MP: 5/8
  4268 | D:5      | Bought a fizzy orange potion for 23 gold pieces
  4268 | D:5      | Bought a glowing blue potion for 23 gold pieces
  4291 | D:5      | Identified the +3 long sword of the Shining Light {flame,
                  | Drain Will+ MP+9 Int+6}
  4340 | D:5      | Reached skill level 7 in Dodging
  4362 | D:5      | Found a bloodstained altar of Trog.
  4376 | D:5      | Found an iron altar of Okawaru.
  4642 | D:6      | Reached skill level 8 in Dodging
  4659 | D:6      | Reached skill level 9 in Dodging
  5153 | D:6      | Reached skill level 10 in Dodging
  5306 | D:6      | Reached skill level 11 in Dodging
  5306 | D:6      | Reached XP level 9. HP: 59/61 MP: 7/9
  5370 | D:6      | Found a staircase to the Ecumenical Temple.
  5729 | D:6      | Reached skill level 12 in Dodging
  5780 | D:6      | Found a runed translucent gate.
  5781 | D:6      | Found a runed translucent gate.
  5781 | D:6      | Noticed ksawer's ghost (novice MiFi)
  5782 | D:6      | Noticed Dwachs's ghost (novice DrCj)
  5783 | D:6      | Found a runed translucent gate.
  5784 | D:6      | Noticed Stonecrops's ghost (novice DsGl)
  6395 | D:7      | Reached skill level 13 in Dodging
  6637 | D:7      | Reached skill level 5 in Throwing
  6867 | D:7      | Reached XP level 10. HP: 57/67 MP: 7/10
  6986 | Temple   | Entered the Ecumenical Temple
  7091 | Temple   | Became a worshipper of Sif Muna the Loreminder
  7643 | D:8      | Found a flagged portal.
  7679 | Bailey   | Entered a bailey
  7764 | Bailey   | Noticed an orc warlord
  7778 | Bailey   | Reached skill level 14 in Dodging
  7844 | Bailey   | Found a runed translucent gate.
  7846 | Bailey   | Found a runed translucent gate.
  7848 | Bailey   | Found a runed translucent gate.
  8104 | Bailey   | Mangled by an orc warlord

Illustrated notes

Levels and vault maps discovered:
D:1:      scummos_arrival_gate, layout_loops_ring, dreamdust_mushroom_princess
D:2:      layout_loops_ring
D:3:      minmay_roachtagon, layout_basic
D:4:      minmay_goblin_kobold_castle, layout_loops_ring,
          general_overflow_altar, ebering_ghost_reflecting_pool,
          serial_aquarium, aquarium_bridge_square [aquarium_subvault_window,
          aquarium_subvault_bridge, aquarium_subvault_wall,
          aquarium_subvault_bridge], aquarium_window_fake, aquarium_window_1,
          aquarium_view_2c, aquarium_view_2e, aquarium_balcony_double_1,
          uniq_pikel
D:5:      layout_rooms, mainiacjoe_overflow_small_starburst,
          okawaru_ov_weapons_minmay, mainiacjoe_overflow_brackets,
          cheibrodos_sewer_entry_drain, serial_shops, shop, uniq_menkaure
D:6:      minmay_diamond_boxcup, layout_loops_ring, minmay_temple_entry_fiery,
          gammafunk_ghost_cemetery
D:7:      layout_cave_pools
D:8:      layout_gridville, enter_bailey_7, grunt_decor_resistance
Temple:   nicolae_temple_superstar
Bailey:   bailey_axe_bossmonster_kennysheep, bailey

Skill      XL: |  1  2  3  4  5  6  7  8  9 10 |
---------------+-------------------------------+-----
Unarmed Combat | 4 6 7 10 11 | 11.0
Dodging        | 6 11 13 14 | 14.1
Throwing       | 5 6 |  6.4
Fighting       | |  2.1

Action                   |  1- 3 |  4- 6 |  7- 9 | 10-12 || total
-------------------------+-------+-------+-------+-------++-------
Melee: Unarmed           |   160 |    84 |   355 |   124 ||   723
       Punch             |     2 |     1 |    32 |    14 ||    49
       Tailslap          |       |       |     5 |       ||     5
Throw: Stone             |     2 |    24 |    10 |       ||    36
       Throwing net      |       |     3 |       |       ||     3
       Dart              |       |       |    11 |     5 ||    16
       Boomerang         |       |       |     3 |    15 ||    18
       Javelin           |       |       |       |     1 ||     1
Evoke: Wand              |       |       |     2 |     4 ||     6
  Use: Scroll            |       |     5 |     6 |     6 ||    17
Armor: Leather armour    |    40 |       |       |       ||    40
       Ring mail         |    12 |    24 |    69 |    18 ||   123
       Scale mail        |       |       |       |     2 ||     2
Dodge: Dodged            |    91 |    54 |   242 |    78 ||   465
       Repelled          |       |       |     2 |       ||     2

Table legend: (Time is in decaauts)
 A = Elapsed time spent in this place.
 B = Non-inter-level travel time spent in this place.
 C = Inter-level travel time spent in this place.
 D = Time resting spent in this place.
 E = Time spent auto-exploring this place.
 F = Levels seen in this place.
 G = Mean time per level.
                   A        B        C        D        E       F      G
               +--------+--------+--------+--------+--------+-----+--------+
         Total |   7922 |   7602 |    320 |    881 |   4879 |  11 |  720.2 |
       Dungeon |   6975 |   6689 |    286 |    697 |   4543 |   8 |  871.9 |
        Temple |    118 |     84 |     34 |      0 |     69 |   1 |  118.0 |
         Sewer |    435 |    435 |      0 |    155 |    131 |   1 |  435.0 |
        Bailey |    392 |    392 |      0 |     29 |    136 |   1 |  392.0 |
               +--------+--------+--------+--------+--------+-----+--------+

Top non-repeatable levels by time:
     D:6: 1842 daAuts
     D:1: 1038 daAuts
     D:3: 885 daAuts
     D:5: 845 daAuts
     D:7: 826 daAuts
     D:4: 748 daAuts
     D:2: 690 daAuts
   Sewer: 435 daAuts
  Bailey: 392 daAuts
  Temple: 118 daAuts
     D:8: 97 daAuts
